[Event "*** SCC Grand Prix: Titled Tuesday Blitz"]
[Site "Chess.com"]
[Date "2020.06.09"]
[Round "5"]
[White "dianamirza"]
[Black "DishonorOnYourCow"]
[Result "0-1"]
[WhiteElo "2018"]
[BlackElo "2279"]
[TimeControl "180+1"]
[EndTime "9:53:13 PDT"]
[Termination "DishonorOnYourCow won by resignation"]

1. e4 c5 2. c4 Nc6 3. Nc3 g6 4. g3 Bg7 5. Bg2 d6 6. Nge2 e6 7. d3 Nge7 8. O-O O-O 9. Be3 b6 10. Qd2 Bb7 11. Bh6 Nd4 12. Bxg7 Kxg7 13. f4 Nxe2+ 14. Nxe2 d5 15. e5 Rb8 16. a3 dxc4 17. Bxb7 Rxb7 18. Rfd1 Rd7 19. Nc1 cxd3 20. b4 c4 21. Na2 b5 22. Nc3 a6 23. a4 Nd5 24.
axb5 axb5 25. Nxb5 Qb6+ 26. Qf2 Qxb5 27. Qc5 Qxc5+ 28.
bxc5 Nb4 29. Ra4 Rb8 30. Rb1 d2 31. Raxb4 Rxb4 32. c6 d1=Q+ 33. Rxd1 Rxd1+ 34. Kf2 c3 35. c7 Rc4 0-1

[Event "*** SCC Grand Prix: Titled Tuesday Blitz"]
[Site "Chess.com"]
[Date "2020.06.09"]
[Round "5"]
[White "SantoBlue"]
[Black "Kildepiotr"]
[Result "1-0"]
[WhiteElo "2796"]
[BlackElo "2605"]
[TimeControl "180+1"]
[EndTime "9:53:24 PDT"]
[Termination "SantoBlue won by resignation"]

1. e4 e6 2. d4 d5 3. Nd2 dxe4 4. Nxe4 Bd7 5. c4 Bc6 6. Nc3 Nf6 7. Nf3 b6 8. Ne5 Bb7 9. Be2 Nbd7 10. Bf3 Bxf3 11. Qxf3 Nxe5 12. dxe5 Nd7 13. Qc6 Bb4 14. Bg5 Be7 15.
Bxe7 Kxe7 16. O-O-O Qc8 17. Qe4 Nf8 18. Rd2 Ng6 19. Rhd1 Re8 20. h4 h5 21. g4 Kf8 22.
gxh5 Ne7 23. h6 gxh6 24. Qh7 Nf5 25. Rd7 1-0

[Event "*** SCC Grand Prix: Titled Tuesday Blitz"]
[Site "Chess.com"]
[Date "2020.06.09"]
[Round "5"]
[White "Paralinch"]
[Black "QuintilianoR"]
[Result "0-1"]
[WhiteElo "2848"]
[BlackElo "2650"]
[TimeControl "180+1"]
[EndTime "9:53:44 PDT"]
[Termination "QuintilianoR won by resignation"]

1. e4 c5 2. Nf3 d6 3. d4 cxd4 4. Nxd4 Nf6 5. Nc3 a6 6. h3 e6 7. g4 Nfd7 8. Be3 b5 9. a3 Bb7 10. Qe2 Nc6 11. Nxc6 Bxc6 12. f4 Be7 13. O-O-O Rb8 14.
Rg1 a5 15. Bd4 O-O 16. g5 b4 17. axb4 axb4 18. Nb1 Qa5 19. h4 Rfc8 20. h5 Nc5 21.
Bxc5 Qxc5 22. Bg2 Ba4 0-1

[Event "*** SCC Grand Prix: Titled Tuesday Blitz"]
[Site "Chess.com"]
[Date "2020.06.09"]
[Round "5"]
[White "ecwinslow"]
[Black "Falia-p"]
[Result "1-0"]
[WhiteElo "2248"]
[BlackElo "2384"]
[TimeControl "180+1"]
[EndTime "9:54:00 PDT"]
[Termination "ecwinslow won by resignation"]

1. e4 c6 2. c4 d5 3. exd5 cxd5 4. cxd5 Nf6 5. Nc3 g6 6. Bb5+ Nbd7 7. Nge2 Bg7 8. d6 e6 9. O-O O-O 10. d4 a6 11. Ba4 Nb6 12. Bf4 Nxa4 13. Qxa4 b5 14.
Qb3 Bb7 15. f3 Ne8 16. a4 bxa4 17. Qxb7 Nxd6 18. Qc6 Nf5 19. Rxa4 Nxd4 20. Nxd4 Bxd4+ 21. Kh1 Rc8 22. Qxa6 Qf6 23. Bd2 e5 24. Qxf6 1-0

[Event "*** SCC Grand Prix: Titled Tuesday Blitz"]
[Site "Chess.com"]
[Date "2020.06.09"]
[Round "5"]
[White "i_am_sankalp"]
[Black "enkhtuul"]
[Result "1-0"]
[WhiteElo "2191"]
[BlackElo "2393"]
[TimeControl "180+1"]
[EndTime "9:54:06 PDT"]
[Termination "i_am_sankalp won by resignation"]

1. e4 Nf6 2. Nc3 d6 3. d4 g6 4.
Bc4 Bg7 5. Qe2 e5 6. Nf3 Nbd7 7. Bg5 h6 8. Bh4 g5 9. Bg3 Nh5 10. O-O-O Nxg3 11. hxg3 exd4 12. Nxd4 Ne5 13. Bb3 Bd7 14.
f4 Ng6 15. Nf5 Kf8 16. Rdf1 Bxc3 17. bxc3 Bxf5 18. exf5 Ne7 19. fxg5 Nc6 20. g6 Qg5+ 21. Kb2 Re8 22. Qc4 Qf6 23. Qxf7+ Qxf7 24. Bxf7 Re7 25. Bd5 Re5 26. f6 1-0

[Event "*** SCC Grand Prix: Titled Tuesday Blitz"]
[Site "Chess.com"]
[Date "2020.06.09"]
[Round "5"]
[White "2L8IWUN"]
[Black "Evgeny81"]
[Result "0-1"]
[WhiteElo "2553"]
[BlackElo "2754"]
[TimeControl "180+1"]
[EndTime "9:54:10 PDT"]
[Termination "Evgeny81 won by resignation"]

1. e4 e5 2. Bc4 Nc6 3. d4 Nxd4 4. Nf3 Nxf3+ 5. Qxf3 Nf6 6. Qb3 Qe7 7. Nc3 d6 8. O-O c6 9. a4 Be6 10. Bxe6 fxe6 11.
Bg5 Qf7 12. f4 exf4 13. Rxf4 e5 14. Qxf7+ Kxf7 15. Rf3 Be7 16. Rd1 Ke6 17. Rfd3 Rad8 18. h3 Rd7 19. a5 Rhd8 20. a6 b5 21. Bh4 b4 22. Bxf6 gxf6 23. Ne2 d5 24. Ng3 dxe4 25. Rxd7 Rxd7 26. Rf1 e3 27. Nf5 e2 0-1

[Event "*** SCC Grand Prix: Titled Tuesday Blitz"]
[Site "Chess.com"]
[Date "2020.06.09"]
[Round "5"]
[White "Anna_ChessMate"]
[Black "queen_iryna"]
[Result "1-0"]
[WhiteElo "2518"]
[BlackElo "2325"]
[TimeControl "180+1"]
[EndTime "9:54:11 PDT"]
[Termination "Anna_ChessMate won by resignation"]

1. d4 d5 2. c4 c6 3. Nc3 Nf6 4. e3 e6 5. Nf3 Nbd7 6. Bd3 dxc4 7. Bxc4 b5 8. Bd3 Bb7 9. Qc2 a6 10. e4 b4 11. Na4 c5 12. dxc5 Rc8 13. Be3 Ng4 14. Qd2 Nxe3 15. Qxe3 Nxc5 16. Nxc5 Bxc5 17. Qe2 O-O 18. O-O Qb6 19. Ne5 Bd4 20. Nd7 Qa7 21. Nxf8 Rxf8 22. Kh1 Rd8 23. Rad1 e5 24. Bc4 a5 25. b3 Bc8 26. f4 Rf8 27. fxe5 Bxe5 28. Qh5 Bf6 29. e5 Be7 30. Rxf7 1-0

[Event "*** SCC Grand Prix: Titled Tuesday Blitz"]
[Site "Chess.com"]
[Date "2020.06.09"]
[Round "5"]
[White "novendrapriasmoro"]
[Black "stolencandy13"]
[Result "1-0"]
[WhiteElo "2669"]
[BlackElo "2487"]
[TimeControl "180+1"]
[EndTime "9:54:17 PDT"]
[Termination "novendrapriasmoro won by resignation"]

1. e4 c6 2. d4 d5 3. Nc3 dxe4 4. Nxe4 Bf5 5. Ng3 Bg6 6. Nf3 Nd7 7. h4 h6 8. h5 Bh7 9. Bd3 Bxd3 10. Qxd3 e6 11. Bd2 Ngf6 12. O-O-O Be7 13. Ne4 Nxe4 14. Qxe4 Nf6 15. Qe2 Qd5 16. Kb1 Qe4 17. Qxe4 Nxe4 18. Be3 O-O 19. Ne5 Rfd8 20. f3 Ng3 21. Rh3 Nf5 22. Bf2 Bf6 23. f4 c5 24. Rhd3 cxd4 25.
Bxd4 Nxd4 26. Rxd4 Bxe5 27. fxe5 Rxd4 28. Rxd4 Kf8 29. Rd7 Rb8 30. c4 a6 31. Kc2 Rc8 32.
Kd3 b5 33. b3 Rc5 34. Kd4 Rc8 35.
c5 Ke8 36. Rd6 a5 37. c6 Ke7 38. Kc5 b4 39. Rd7+ Ke8 40. Kd6 Rd8 41. Kc7 Ra8 42. Kb7 1-0

[Event "*** SCC Grand Prix: Titled Tuesday Blitz"]
[Site "Chess.com"]
[Date "2020.06.09"]
[Round "5"]
[White "Tsyhanchuk_Stanislav"]
[Black "Khazieva_Elza"]
[Result "1-0"]
[WhiteElo "2409"]
[BlackElo "2240"]
[TimeControl "180+1"]
[EndTime "9:54:28 PDT"]
[Termination "Tsyhanchuk_Stanislav won by checkmate"]

1. e4 c5 2. Nf3 d6 3. d4 cxd4 4.
Nxd4 Nf6 5. Nc3 Nc6 6. Bg5 e6 7. Qd2 Be7 8. h4 h6 9. Bxf6 Bxf6 10. Nxc6 bxc6 11. O-O-O d5 12. f4 O-O 13. g4 Bxh4 14. g5 hxg5 15. Kb1 gxf4 16. Qxf4 Bg5 17. Qh2 Bh6 18.
Bd3 d4 19. Rdg1 Qf6 20. Ne2 Kh8 21. e5 Qf3 22. Qxh6+ gxh6 23. Rxh6# 1-0

[Event "*** SCC Grand Prix: Titled Tuesday Blitz"]
[Site "Chess.com"]
[Date "2020.06.09"]
[Round "5"]
[White "emiliocordova"]
[Black "iaraldinho"]
[Result "1-0"]
[WhiteElo "2852"]
[BlackElo "2627"]
[TimeControl "180+1"]
[EndTime "9:54:29 PDT"]
[Termination "emiliocordova won by resignation"]

1. d4 f5 2. Nf3 Nf6 3. c4 g6 4. g3 Bg7 5. Bg2 O-O 6. O-O d6 7. Nc3 Qe8 8. d5 a5 9. Nd4 Na6 10. Re1 Bd7 11. e4 fxe4 12. Nxe4 Nxe4 13. Bxe4 Qf7 14. Be3 Nc5 15. Bg2 Rae8 16. Qd2 Kh8 17. Rad1 Qf6 18. b3 b6 19. h4 e5 20. dxe6 Nxe6 21. Nb5 Qb2 22. Qxb2 Bxb2 23. Bh3 Bxb5 24. cxb5 Bc3 25. Bxe6 Rxe6 26. Bd4+ Bxd4 27. Rxe6 Bxf2+ 28. Kg2 Bc5 29. Rf1 Rxf1 30. Kxf1 d5 31. g4 Kg7 32. Re5 d4 33. g5 Kf7 34. Ke2 Bd6 35. Re4 Bg3 36. Kd3 Kg7 37. Kxd4 h6 38. Kd5 hxg5 39.
hxg5 Bf2 40. Kc6 Bg3 41. Re7+ 1-0

[Event "*** SCC Grand Prix: Titled Tuesday Blitz"]
[Site "Chess.com"]
[Date "2020.06.09"]
[Round "5"]
[White "Manukyan_Artak"]
[Black "Aradej"]
[Result "1-0"]
[WhiteElo "2312"]
[BlackElo "2484"]
[TimeControl "180+1"]
[EndTime "9:54:34 PDT"]
[Termination "Manukyan_Artak won by resignation"]

1. e4 d6 2. d4 Nf6 3. f3 e5 4.
d5 c6 5. c4 cxd5 6. cxd5 Be7 7.
Nc3 O-O 8. Be3 Ne8 9. Qd2 f5 10.
Bd3 a6 11. a4 Bh4+ 12. g3 f4 13. Bf2 Bg5 14. g4 Bh4 15. Bxh4 Qxh4+ 16. Qf2 Qxf2+ 17. Kxf2 h5 18. g5 h4 19. a5 Kf7 20.
Na4 Nd7 21. Ne2 Kg6 22. Rhg1 Rb8 23. Nec3 b5 24. axb6 Nxb6 25. Ke2 Nxa4 26. Nxa4 Bd7 27. Bxa6 Bxa4 28. Rxa4 Rxb2+ 29. Kd3 Rxh2 30. Bc8 Rf2 31. Bf5+ Kf7 32. Ra7+ Kg8 33. Be6+ Kh7 34. Bf5+ Kh8 35. Rh1 Rxf3+ 36. Kc4 h3 37. Bxh3 g6 38. Be6+ 1-0

[Event "*** SCC Grand Prix: Titled Tuesday Blitz"]
[Site "Chess.com"]
[Date "2020.06.09"]
[Round "5"]
[White "Unknown_IM"]
[Black "mfwagnerpeixoto"]
[Result "1-0"]
[WhiteElo "2456"]
[BlackElo "2273"]
[TimeControl "180+1"]
[EndTime "9:54:35 PDT"]
[Termination "Unknown_IM won by resignation"]

1. e4 c5 2. Nf3 Nc6 3. Bb5 e6 4. Bxc6 bxc6 5. c3 d6 6. O-O f6 7. d4 cxd4 8. cxd4 Ne7 9. Nc3 Ng6 10. Re1 Be7 11. h4 O-O 12. h5 Nh8 13. Ne2 Nf7 14.
Nf4 Rb8 15. b3 e5 16. dxe5 dxe5 17. Qxd8 Rxd8 18. Ne2 Bg4 19. Be3 a6 20. Ng3 Bb4 21. Red1 Rxd1+ 22. Rxd1 Rd8 23. Rc1 Rd6 24. Bc5 Bxc5 25.
Rxc5 Bxf3 26. gxf3 Ng5 27. Kg2 g6 28. hxg6 hxg6 29. Nf1 Ne6 30. Ra5 Nf4+ 31. Kg3 Rd1 32. Ne3 Rg1+ 33. Kh2 Rg5 34. Rxa6 Rh5+ 35. Kg1 Rg5+ 36.
Kf1 Rh5 37. Ke1 Rh1+ 38. Kd2 Rh2 39. Ng4 Rg2 40. Nxf6+ Kf7 41. Ng4 1-0

[Event "*** SCC Grand Prix: Titled Tuesday Blitz"]
[Site "Chess.com"]
[Date "2020.06.09"]
[Round "5"]
[White "MNyuyu"]
[Black "robertofabregas"]
[Result "1-0"]
[WhiteElo "2359"]
[BlackElo "2108"]
[TimeControl "180+1"]
[EndTime "9:54:36 PDT"]
[Termination "MNyuyu won by resignation"]

1. d4 Nf6 2. Nf3 b6 3. Bf4 Bb7 4. e3 d6 5. Nbd2 Nbd7 6. c3 e6 7. Bd3 Be7 8. Qe2 Rc8 9. h3 c5 10. O-O O-O 11. a4 Nd5 12. Bh2 N7f6 13. e4 Nc7 14. Rfd1 Re8 15. e5 dxe5 16. dxe5 Nd7 17.
Ne4 Nd5 18. Nd6 Bxd6 19. exd6 N7f6 20. Ne5 Nd7 21. Bxh7+ Kxh7 22. Qh5+ Kg8 23. Qxf7+ Kh8 24. Nxd7 Nf6 25. Nxf6 gxf6 26. d7 Re7 27. dxc8=Q 1-0

[Event "*** SCC Grand Prix: Titled Tuesday Blitz"]
[Site "Chess.com"]
[Date "2020.06.09"]
[Round "5"]
[White "TomsKantans"]
[Black "Sychev_Klementy"]
[Result "0-1"]
[WhiteElo "2633"]
[BlackElo "2858"]
[TimeControl "180+1"]
[EndTime "9:54:38 PDT"]
[Termination "Sychev_Klementy won on time"]

1. e4 e5 2. Nf3 Nc6 3. Bb5 a6 4. Ba4 b5 5. Bb3 Na5 6. Nxe5 Nxb3 7. axb3 Qe7 8. d4 d6 9. Nf3 Qxe4+ 10. Be3 Bf5 11.
c4 Qd3 12. Nfd2 Nf6 13. Nc3 bxc4 14. bxc4 Be7 15. Ra3 Bg4 16. Qa4+ Bd7 17. Qa5 Qg6 18. g3 Bd8 19. O-O c5 0-1

[Event "*** SCC Grand Prix: Titled Tuesday Blitz"]
[Site "Chess.com"]
[Date "2020.06.09"]
[Round "5"]
[White "LionTheLeon_06"]
[Black "WinstonSilvakov"]
[Result "1-0"]
[WhiteElo "2692"]
[BlackElo "2119"]
[TimeControl "180+1"]
[EndTime "9:54:43 PDT"]
[Termination "LionTheLeon_06 won by resignation"]

1. Nf3 Nf6 2. g3 d6 3. Bg2 c5 4. O-O Nc6 5. c4 e6 6. d4 cxd4 7. Nxd4 Nxd4 8. Qxd4 Qc7 9. Nc3 a6 10. b3 Be7 11. Ba3 O-O 12. Rfd1 Rd8 13. Rac1 Qa5 14.
Bb2 e5 15. Qd2 Qc7 16. Nd5 Nxd5 17. Bxd5 Bd7 18. e3 Bc6 19. Qe2 Qd7 20. a4 Qf5 21. Ba3 Rac8 22. Rd2 h5 23. Rcd1 Bd7 24. Bg2 Bc6 25.
Bxd6 Bxd6 26. Rxd6 Bxg2 27. Rxd8+ 1-0

[Event "*** SCC Grand Prix: Titled Tuesday Blitz"]
[Site "Chess.com"]
[Date "2020.06.09"]
[Round "5"]
[White "aleksandrovaleksei"]
[Black "Omk124"]
[Result "1-0"]
[WhiteElo "2595"]
[BlackElo "2424"]
[TimeControl "180+1"]
[EndTime "9:54:43 PDT"]
[Termination "aleksandrovaleksei won by resignation"]

1. d4 c5 2. d5 Nf6 3. c4 g6 4. Nc3 Bg7 5. e4 d6 6. h3 O-O 7. Nf3 e6 8. Bd3 exd5 9. exd5 Re8+ 10. Be3 Bh6 11. O-O Bxe3 12. fxe3 Rxe3 13. Qd2 Re8 14. Qh6 Nbd7 15. Ng5 Re7 16. Nce4 Rxe4 17. Bxe4 Qe7 18. Rae1 Ne5 19. Bb1 Bd7 20. Re2 Nf3+ 21. Rxf3 Qxe2 22. Rxf6 Qe3+ 23. Rf2 Qc1+ 24. Rf1 Qe3+ 25. Kh1 1-0

[Event "*** SCC Grand Prix: Titled Tuesday Blitz"]
[Site "Chess.com"]
[Date "2020.06.09"]
[Round "5"]
[White "Alopekos"]
[Black "kushagramohan"]
[Result "0-1"]
[WhiteElo "2495"]
[BlackElo "2731"]
[TimeControl "180+1"]
[EndTime "9:54:46 PDT"]
[Termination "kushagramohan won by resignation"]

1. e4 e5 2. Nf3 Nc6 3. Bb5 a6 4.
Ba4 Nf6 5. O-O Nxe4 6. d4 b5 7. Bb3 d5 8. dxe5 Be6 9. Nbd2 Nc5 10.
c3 Be7 11. Bc2 d4 12. cxd4 Nxd4 13. Nxd4 Qxd4 14. Nf3 Qxd1 15. Rxd1 O-O 16. Nd4 Rfd8 17. Be3 Bd5 18. Nf5 Bf8 19. Rac1 Ne6 20. Bb1 c6 21. f3 g6 22. Nh6+ Kg7 23. Ng4 Be7 24. Bh6+ Kg8 25. Ne3 Bc5 26. Kf1 Bd4 27. Nxd5 cxd5 28. f4 Be3 29.
Rc6 Bxf4 30. Bxf4 Nxf4 31. a3 Re8 32. Rxg6+ 0-1

[Event "*** SCC Grand Prix: Titled Tuesday Blitz"]
[Site "Chess.com"]
[Date "2020.06.09"]
[Round "5"]
[White "Fh2411"]
[Black "VladimirBugayev"]
[Result "1-0"]
[WhiteElo "2428"]
[BlackElo "2260"]
[TimeControl "180+1"]
[EndTime "9:54:51 PDT"]
[Termination "Fh2411 won by resignation"]

1. d4 d5 2. Nf3 Nf6 3. Bf4 c5 4.
e3 Nc6 5. Nbd2 Qb6 6. dxc5 Qxc5 7. a3 a6 8. c4 e6 9. Be2 Be7 10. O-O O-O 11. Rc1 Qa7 12. b4 Rd8 13. Qc2 Bd6 14. Bg5 Be7 15. Rfd1 Bd7 16. Bxf6 Bxf6 17. cxd5 exd5 18.
Nb3 Be6 19. Nfd4 Ne5 20. Qc5 Nc4 21. Qxa7 Rxa7 22. Nxe6 fxe6 23. Bxc4 dxc4 24. Rxd8+ Bxd8 25. Rxc4 b5 26. Rc8 Kf7 27. Rxd8 Rc7 28. Nc5 a5 29.
Rd7+ Rxd7 30. Nxd7 1-0

[Event "*** SCC Grand Prix: Titled Tuesday Blitz"]
[Site "Chess.com"]
[Date "2020.06.09"]
[Round "5"]
[White "Gennady_Kozlov"]
[Black "eightbyeightchess"]
[Result "1-0"]
[WhiteElo "2558"]
[BlackElo "2382"]
[TimeControl "180+1"]
[EndTime "9:54:56 PDT"]
[Termination "Gennady_Kozlov won by resignation"]

1. b3 d5 2. Bb2 Nf6 3. e3 a6 4. f4 Nc6 5. Nf3 Bg4 6. Be2 e6 7. O-O Bd6 8. Ne5 Bf5 9. Nxc6 bxc6 10. d3 O-O 11. Nd2 Bc5 12. d4 Be7 13. g4 Be4 14. g5 Nd7 15. Nxe4 dxe4 16. c4 f6 17. gxf6 Rxf6 18. Kh1 Rh6 19. Rg1 Qf8 20. Rg2 Qf5 21.
Qg1 Bf8 22. d5 Nf6 23. dxc6 Rd8 24. Bg4 Nxg4 25. Rxg4 g6 26. Bd4 Qh5 27. Qg2 Bc5 28. Rg5 1-0

[Event "*** SCC Grand Prix: Titled Tuesday Blitz"]
[Site "Chess.com"]
[Date "2020.06.09"]
[Round "5"]
[White "lucachess49"]
[Black "PrinceMurad09"]
[Result "0-1"]
[WhiteElo "2300"]
[BlackElo "2518"]
[TimeControl "180+1"]
[EndTime "9:54:58 PDT"]
[Termination "PrinceMurad09 won by resignation"]

1. d4 Nf6 2. c4 c5 3. d5 b5 4.
cxb5 a6 5. bxa6 g6 6. Nc3 Bg7 7.
e4 Qa5 8. Bd2 Bxa6 9. Bxa6 Qxa6 10. Nf3 O-O 11. Qe2 d6 12. Qxa6 Nxa6 13. O-O Rfb8 14.
Rab1 Nb4 15. e5 Nfxd5 16. Nxd5 Nxd5 17. a3 dxe5 18. Rfe1 e4 19. Rxe4 Rxb2 20. Rxb2 Bxb2 21. a4 e6 22. Rc4 Ba3 23. g3 Bb4 24. Bh6 Rxa4 25.
Ne5 Ra7 26. Kg2 f6 27. Nd3 Rc7 28. h4 Kf7 29. Bc1 e5 30. Bb2 Ke6 31. f4 Ne3+ 0-1

[Event "*** SCC Grand Prix: Titled Tuesday Blitz"]
[Site "Chess.com"]
[Date "2020.06.09"]
[Round "5"]
[White "bratkoo"]
[Black "anastasiyakarlovych"]
[Result "1-0"]
[WhiteElo "2335"]
[BlackElo "1970"]
[TimeControl "180+1"]
[EndTime "9:55:00 PDT"]
[Termination "bratkoo won by resignation"]

1. e4 e5 2. Nf3 Nc6 3. d4 exd4 4.
Nxd4 Bc5 5. Nb3 Bb6 6. Nc3 Nf6 7. Qe2 d6 8. Be3 O-O 9. O-O-O Re8 10. f3 Be6 11. g4 Bxe3+ 12. Qxe3 a5 13. g5 Nd7 14. f4 Bxb3 15. axb3 Nc5 16. Bc4 a4 17. bxa4 Nxa4 18. Nxa4 Rxa4 19. Bxf7+ Kh8 20. Bxe8 Qxe8 21. Rhe1 Qa8 22.
e5 Qa5 23. c3 Ra1+ 24. Kd2 Ra2 25. Rb1 dxe5 26. fxe5 Qd5+ 27. Kc1 Ra8 28. e6 Re8 29. Ra1 Ne5 30. Qxe5 Qg2 31. e7 1-0

[Event "*** SCC Grand Prix: Titled Tuesday Blitz"]
[Site "Chess.com"]
[Date "2020.06.09"]
[Round "5"]
[White "ChessWarrior7197"]
[Black "AtabayevSaparmyrat"]
[Result "1-0"]
[WhiteElo "2943"]
[BlackElo "2792"]
[TimeControl "180+1"]
[EndTime "9:55:02 PDT"]
[Termination "ChessWarrior7197 won on time"]

1. e4 e5 2. Nf3 Nf6 3. Nxe5 d6 4. Nf3 Nxe4 5. d4 d5 6. Bd3 Bd6 7. O-O O-O 8. c4 c6 9. Qc2 Re8 10. Nc3 Bf5 11. Re1 Nxc3 12. Bxf5 Rxe1+ 13. Nxe1 Ne4 14. Bxe4 dxe4 15. Qxe4 Nd7 16. Nf3 Qe8 17. Qd3 h6 18.
Bd2 Qf8 19. Re1 Re8 20. Rxe8 Qxe8 21. Kf1 Nf6 22. b3 Qd7 23. h3 b6 24. Bc3 1-0

[Event "*** SCC Grand Prix: Titled Tuesday Blitz"]
[Site "Chess.com"]
[Date "2020.06.09"]
[Round "5"]
[White "Glek_Igor"]
[Black "jacky72"]
[Result "0-1"]
[WhiteElo "2445"]
[BlackElo "2680"]
[TimeControl "180+1"]
[EndTime "9:55:03 PDT"]
[Termination "jacky72 won on time"]

1. e4 g6 2. d4 Bg7 3. Nc3 d6 4.
f4 Nd7 5. Nf3 e6 6. Bd3 Ne7 7.
O-O b6 8. f5 exf5 9. exf5 O-O 10. fxg6 hxg6 11. Qe1 Bb7 12. Qh4 Nf5 13. Qh3 Bxf3 14.
Bxf5 Bxd4+ 15. Kh1 Bc6 16. Ne4 Bxe4 17. Bxe4 Rb8 18. Bh6 Bg7 19. Bd5 Ne5 20. Rae1 c6 21. Bb3 Qc8 22. Qh4 Qg4 23. Qxg4 Nxg4 24. Bxg7 Kxg7 25. Re7 Ne5 26. Rxa7 d5 27. h3 Rbd8 28. a4 c5 29. Rb7 c4 0-1

[Event "*** SCC Grand Prix: Titled Tuesday Blitz"]
[Site "Chess.com"]
[Date "2020.06.09"]
[Round "5"]
[White "m_ezat"]
[Black "FMOlexandrProhorov"]
[Result "1-0"]
[WhiteElo "2475"]
[BlackElo "2084"]
[TimeControl "180+1"]
[EndTime "9:55:03 PDT"]
[Termination "m_ezat won by resignation"]

1. d4 g6 2. c4 Bg7 3. e4 d6 4.
Nc3 e5 5. dxe5 dxe5 6. Qxd8+ Kxd8 7. f4 Nc6 8. Nf3 h6 9. Be2 Be6 10. O-O Nd4 11. Rd1 Kc8 12. Bf1 Ne7 13. Nd5 Nxd5 14. cxd5 Bg4 15. Kf2 Re8 16. fxe5 Bxe5 17. h3 Bxf3 18.
gxf3 Bg7 19. Bf4 Kd7 20. Rac1 Rac8 21. Be3 c5 22. dxc6+ Rxc6 23. Rxc6 Kxc6 24. Bxd4 Rd8 25. Rc1+ 1-0

[Event "*** SCC Grand Prix: Titled Tuesday Blitz"]
[Site "Chess.com"]
[Date "2020.06.09"]
[Round "5"]
[White "PowerThinking2650"]
[Black "Quiet_Desperation"]
[Result "1-0"]
[WhiteElo "2326"]
[BlackElo "1903"]
[TimeControl "180+1"]
[EndTime "9:55:03 PDT"]
[Termination "PowerThinking2650 won by resignation"]

1. e4 e6 2. d4 d5 3. Nd2 Nf6 4. e5 Nfd7 5. Bd3 c5 6. c3 Nc6 7. Ne2 cxd4 8. cxd4 f6 9. exf6 Nxf6 10. Nf3 Bd6 11. O-O Qc7 12. Nc3 a6 13. Bg5 O-O 14. Bh4 Nh5 15. Bg3 Nxg3 16. hxg3 g6 17. Re1 Qg7 18.
Ne2 Bd7 19. Rc1 Rac8 20. a3 Na5 21. b4 Nc4 22. Bxc4 dxc4 23. Nc3 b5 24. Ne5 Be8 25. Qe2 Rd8 26. Rcd1 Kh8 27. f4 Bxe5 28. Qxe5 Bc6 29.
Qxg7+ Kxg7 30. Rxe6 Bd5 1-0

[Event "*** SCC Grand Prix: Titled Tuesday Blitz"]
[Site "Chess.com"]
[Date "2020.06.09"]
[Round "5"]
[White "ChristianAlm"]
[Black "rududuyk"]
[Result "1-0"]
[WhiteElo "2447"]
[BlackElo "2184"]
[TimeControl "180+1"]
[EndTime "9:55:06 PDT"]
[Termination "ChristianAlm won by resignation"]

1. e4 e6 2. d4 d5 3. Nc3 Nf6 4. Bg5 dxe4 5. Nxe4 Be7 6. Bxf6 gxf6 7. Nf3 a6 8. Bd3 f5 9. Ng3 c5 10. dxc5 Nd7 11.
c6 bxc6 12. Qe2 Nc5 13. O-O-O Qa5 14. Bc4 Rb8 15. Rhe1 Bf6 16. Ne5 Na4 17. Bb3 Rb5 18. f4 Qb4 19. Qc4 Qxc4 20. Nxc4 Ke7 21. Bxa4 Rb4 22.
Bb3 a5 23. a4 1-0

[Event "*** SCC Grand Prix: Titled Tuesday Blitz"]
[Site "Chess.com"]
[Date "2020.06.09"]
[Round "5"]
[White "mamonika"]
[Black "Saloni1299"]
[Result "0-1"]
[WhiteElo "1926"]
[BlackElo "2253"]
[TimeControl "180+1"]
[EndTime "9:55:06 PDT"]
[Termination "Saloni1299 won on time"]

1. e4 e6 2. d4 d5 3. Nd2 Nf6 4. e5 Nfd7 5. Bd3 c5 6. c3 Nc6 7. Ne2 cxd4 8. cxd4 f6 9. exf6 Nxf6 10. Nf3 Bd6 11. O-O Qc7 12. Re1 O-O 13. a3 e5 14.
dxe5 Nxe5 15. Nxe5 Bxe5 16. Ng3 Bg4 17. Qb3 Kh8 18.
Bg5 Rad8 19. Rac1 Qb8 20. Bb1 Bf4 21. Bxf4 Qxf4 22. Qxb7 Ne4 23. Nxe4 dxe4 24. Qxe4 Qxf2+ 25. Kh1 Bf5 26. Qe2 Bxb1 27. Qxf2 Rxf2 28. Rxb1 h5 29.
Rf1 Re2 30. Rfe1 Red2 31. b4 R8d3 32. a4 Ra3 33. a5 Raa2 0-1

[Event "*** SCC Grand Prix: Titled Tuesday Blitz"]
[Site "Chess.com"]
[Date "2020.06.09"]
[Round "5"]
[White "Zavgorodniy_Serg"]
[Black "LiemLe"]
[Result "0-1"]
[WhiteElo "2650"]
[BlackElo "2904"]
[TimeControl "180+1"]
[EndTime "9:55:11 PDT"]
[Termination "LiemLe won on time"]

1. e4 c6 2. d4 d5 3. exd5 cxd5 4. c4 Nf6 5. Nc3 e6 6. Nf3 Be7 7. cxd5 Nxd5 8. Bd3 Nxc3 9. bxc3 Qc7 10. Bd2 Nd7 11.
O-O b6 12. Re1 Bb7 13. Qe2 h6 14. Bc2 Rc8 15. Rac1 Bd5 16. Bb1 Qc6 17. Ne5 Nxe5 18. Qxe5 O-O 19. Bxh6 gxh6 20. Re3 Bg5 21. Rg3 f6 22. Qe2 Kf7 23. Re1 Ke7 24. h4 Bxh4 25. Rg7+ Kd8 26. Qh5 Bg5 27. Qg6 Rc7 0-1

[Event "*** SCC Grand Prix: Titled Tuesday Blitz"]
[Site "Chess.com"]
[Date "2020.06.09"]
[Round "5"]
[White "Savva09022009"]
[Black "kirillshevchenko"]
[Result "0-1"]
[WhiteElo "2431"]
[BlackElo "2896"]
[TimeControl "180+1"]
[EndTime "9:55:12 PDT"]
[Termination "kirillshevchenko won by resignation"]

1. d4 Nf6 2. Nc3 d5 3. Bf4 c5 4. e3 cxd4 5. exd4 a6 6. Nf3 Nc6 7. Bd3 Bg4 8. Be2 e6 9. h3 Bxf3 10. Bxf3 Bd6 11. Bxd6 Qxd6 12. O-O O-O 13. Ne2 b5 14. c3 Rfc8 15. Qd3 Na5 16. Rac1 b4 17. Rfe1 bxc3 18. Rxc3 Rxc3 19. Nxc3 Qb4 20. b3 Nc6 21. Rd1 a5 22. Na4 h6 23. g3 g6 24. Bg2 Kg7 25. Bf1 Ne4 26. Qb5 Qd6 27. Qb6 Nb4 28. Qxd6 Nxd6 29.
Rc1 Nxa2 30. Rc7 Nf5 31. Rc2 Nb4 32. Rd2 Nc6 33. Nc5 Nfxd4 34. g4 Nf3+ 0-1

[Event "*** SCC Grand Prix: Titled Tuesday Blitz"]
[Site "Chess.com"]
[Date "2020.06.09"]
[Round "5"]
[White "Oneofmyturns"]
[Black "eCztery"]
[Result "1-0"]
[WhiteElo "2572"]
[BlackElo "2406"]
[TimeControl "180+1"]
[EndTime "9:55:15 PDT"]
[Termination "Oneofmyturns won by checkmate"]

1. d4 d5 2. c4 e6 3. Nc3 Nf6 4. cxd5 exd5 5. Bg5 Be7 6. e3 O-O 7. Bd3 c5 8. Nf3 cxd4 9. Nxd4 h6 10. Bf4 Nc6 11.
Nf5 Nb4 12. O-O Nxd3 13. Qxd3 Be6 14. Rfd1 Qd7 15. Nxe7+ Qxe7 16. Rac1 a6 17. Qd4 Rac8 18. Na4 Rc4 19. Rxc4 dxc4 20. Bd6 Qe8 21. Nc5 Bg4 22. f3 b6 23. Nxa6 Qa4 24. Bxf8 Kxf8 25. fxg4 Qxa6 26.
Qd8+ Ne8 27. Rd7 Qa5 28. Qe7+ Kg8 29. Qxe8+ Kh7 30. Qe4+ g6 31. Rxf7+ Kh8 32. Qe8# 1-0